 Dungeon Crawl Stone Soup version 0.32-a0-42-ga30500b4d3 (webtiles) character file.

Game seed: 6943387977961520690

2114 cforsyth the Fighter (level 9, -12/71 HPs)
             Began as a Djinni Reaver on Jan 27, 2024.
             Was an Initiate of Yredelemnul.
             Mangled by a wight
             ... wielding a +5 flail
              (13 damage)
             ... on level 7 of the Dungeon.
             The game lasted 00:12:55 (7087 turns).

cforsyth the Fighter (Djinni Reaver)                Turns: 7087, Time: 00:12:56

Health: -12/71     AC:  7    Str: 11    XL:     9   Next: 53%
Gold:   313        EV: 12    Int: 20    God:    Yredelemnul [......] SH:  0 Dex: 11

rFire   + + .        r - +2 scythe (venom)
rCold   x . .        (shield currently unavailable)
rNeg    + . .        s - +2 robe {rN+}
rPois   ∞            (no helmet)
rElec   .            (no cloak)
rCorr   .            p - +2 pair of gloves
SInv    .            (boots unavailable)
Will    .....        (no amulet)
Stlth   +            (no ring)
HPRegen 0.31/turn    (no ring)
MPRegen 0.00/turn

%: infuse magic (-13 HP)
@: flying, hasted, very quick
A: sickness immunity, fire resistance 2, cold vulnerability 1, float, innate
caster, HP casting, extra vitality 1
a: Renounce Religion, Recall Undead Harvest


You were on level 7 of the Dungeon.
You worshipped Yredelemnul.
Yredelemnul was noncommittal.
You visited 2 branches of the dungeon, and saw 8 of its levels.
You also visited: Sewer.

You collected 313 gold pieces.

Inventory:

Hand Weapons
 a - a +0 short sword
 r - a +2 scythe of venom (weapon)
Armour
 p - a +2 pair of gloves (worn)
 s - a +2 robe of positive energy (worn)
Jewellery
 y - a ring of ice
 B - a ring of fire
Scrolls
 b - 2 scrolls of enchant weapon {unknown}
 c - a scroll of revelation
 f - a scroll of butterflies {unknown}
 g - 4 scrolls of fear {unknown}
 l - a scroll of acquirement {unknown}
 m - 4 scrolls of enchant armour {unknown}
 n - a scroll of immolation {unknown}
 u - a scroll of blinking {unknown}
 v - 2 scrolls of fog {unknown}
 w - a scroll of teleportation {unknown}
Potions
 d - a potion of lignification {unknown}
 e - a potion of degeneration {unknown}
 h - a potion of enlightenment {unknown}
 i - 4 potions of curing
 j - 2 potions of magic {unknown}
 k - a potion of brilliance
 o - 2 potions of cancellation
 q - a potion of mutation
 t - 2 potions of might
 x - a potion of haste
 z - a potion of ambrosia {unknown}
 A - 2 potions of attraction


   Skills:
 + Level 8.9 Fighting
 - Level 2.6 Short Blades
 - Level 2.1 Dodging
 + Level 7.1 Spellcasting
 + Level 7.1 Conjurations
 + Level 7.1 Hexes
 + Level 7.1 Summonings
 + Level 7.1 Necromancy
 + Level 7.1 Translocations
 + Level 7.1 Fire Magic
 + Level 7.1 Ice Magic
 + Level 7.1 Air Magic
 + Level 7.1 Earth Magic
 + Level 7.1 Alchemy


You knew the following spells:

 Your Spells              Type           Power      Damage    Failure   Level
a - Kiss of Death         Conj/Necr      100%       2d13      1%          1
b - Momentum Strike       Conj/Tloc      70%        3d9       1%          2
c - Hailstorm             Conj/Ice       35%        3d8       1%          3
d - Magic Dart            Conj           100%       1d8       1%          1
e - Searing Ray           Conj           70%        2d7       1%          2
f - Confusing Touch       Hex            35%        N/A       1%          3
g - Dazzling Flash        Conj/Hex       70%        N/A       1%          3
Your spell library was empty.

Dungeon Overview and Level Annotations

Branches:
Dungeon (7/15)             Temple (1/1) D:5           Sewer (visited)

Altars:
Ashenzari
Cheibriados
Dithmenos
Elyvilon
Fedhas
Gozag
Hepliaklqana
Makhleb
Nemelex Xobeh
Okawaru
Ru
Trog
Uskayaw
Wu Jian
Xom
Yredelemnul
Zin
The Shining One

Annotations:
D:4 exclusion: statue


Innate Abilities, Weirdness & Mutations

You are immune to sickness and miasma.
You are immune to poison.
Your flesh is very heat resistant. (rF++)
You are vulnerable to cold. (rC-)
You float through the air rather than walking.
You learn spells naturally, not from books.
Your magical power is your life essence.
You have superior vitality. (+4 MHP)


Message History

A wight comes into view. It is wielding a +5 dagger.
Your steam dragon zombie bites the wight.
Your steam dragon zombie claws the wight but does no damage.
The wight hits your steam dragon zombie with a +5 dagger!
You reach to attack!
You barely miss the wight.
The wight is lightly damaged.
Your steam dragon zombie bites the wight.
Your steam dragon zombie barely misses the wight.
The wight barely misses your steam dragon zombie.
A wight comes into view.
It is wielding a +2 scimitar of freezing and quivering poisoned darts.
You could not reach far enough!
The wight hits your steam dragon zombie with a +5 dagger!
Your steam dragon zombie bites the wight but does no damage.
Your steam dragon zombie claws the wight but does no damage.
The wight hits your steam dragon zombie with a +5 dagger.
You hit the wight.
The wight is moderately damaged.
Your steam dragon zombie bites the wight.
Your steam dragon zombie barely misses the wight.
The wight hits your steam dragon zombie with a +5 dagger!
Your steam dragon zombie is destroyed!
The wight hits you with a +5 flail.
A wight comes into view.
It is wielding a +3 scimitar of freezing.
The wight hits you with a +5 dagger. The wight attacks as it pursues you!
The wight hits you with a +5 dagger. The wight attacks as it pursues you!
The wight hits you with a +5 flail! The wight barely misses you.
Found a golden potion.
The wight attacks as it pursues you! The wight hits you with a +5 flail.
* * * LOW HITPOINT WARNING * * *
The wight attacks as it pursues you! The wight misses you.
The wight attacks as it pursues you! The wight hits you with a +5 flail!
* * * LOW HITPOINT WARNING * * *
Okay, then.
You feel yourself speed up. The wight closely misses you.
The wight attacks as it pursues you! The wight hits you with a +5 dagger!
* * * LOW HITPOINT WARNING * * *
The wight attacks as it pursues you! The wight hits you with a +5 flail!
You die...
Your body becomes fuel for the black torch.

.......#.#.#
....
#...<.#.#####).#
####...>.#.z..#
##......####
#.#.....#
#.......#
##.#.##..#####
##.....z........
#.....@z...#####
#............#
.....<.......#
...........#..#
...........#..#
.....!.....##..#
.#........## .#
..........


You could see 2 wights.

Vanquished Creatures
  Sigmund (D:3)
  2 steam dragons
  An ice beast (D:6)
  2 black bears
  A phantom (D:3)
  A brain worm (Sewer)
  3 kobold brigands (Sewer)
  A bullfrog (D:5)
  A scorpion (D:6)
  A wight (D:7)
  2 hounds
  A jelly (D:6)
  2 orc priests
  A sleepcap (D:5)
  Terence (D:1)
  An iguana (D:4)
  Natasha (thrice) (D:3)
  4 orc wizards
  10 gnolls
  6 adders
  4 river rats
  A shadow imp (D:6)
  3 white imps (D:6)
  2 ufetubi (D:5)
  3 dart slugs
  7 ribbon worms
  18 orcs
  10 endoplasms
  4 giant cockroaches
  4 hobgoblins
  9 jackals
  9 kobolds
  5 quokkas
  10 ball pythons
  6 bats
  6 frilled lizards
  6 goblins
  11 rats
163 creatures vanquished.

Vanquished Creatures (collateral kills)
  A centaur (D:5)
  A scorpion (D:6)
  An adder (D:5)
  A ribbon worm (Sewer)
  An orc (D:6)
  A quokka (D:6)
6 creatures vanquished.

Vanquished Creatures (others)
  A spectral black bear (D:6)
  A hound zombie (D:5)
  A steam dragon zombie (D:7)
  A ribbon worm zombie (Sewer)
  A spectral white imp (D:6)
  3 endoplasm zombies (Sewer)
  A giant cockroach zombie (D:6)
  An orc zombie (D:6)
  A quokka zombie (D:6)
  A rat zombie (Sewer)
  A spectral ufetubus (D:5)
13 creatures vanquished.

Grand Total: 182 creatures vanquished

Notes
Turn   | Place    | Note
-------+----------+-------------------------------------------
     0 | D:1      | cforsyth the Djinni Reaver began the quest for the Orb.
     0 | D:1      | cforsyth set off with the following spells memorised: Kiss
                  | of Death, Momentum Strike, Hailstorm.
     0 | D:1      | Reached XP level 1. HP: 18/18 MP: 0/0
   164 | D:1      | Reached XP level 2. HP: 18/23 MP: 0/0
   493 | D:1      | Reached XP level 3. HP: 14/29 MP: 0/0
   493 | D:1      | Learned a level 1 spell: Magic Dart
   932 | D:1      | Found a faded altar of an unknown god.
  1062 | D:2      | Reached skill level 3 in Fighting
  1147 | D:2      | Reached XP level 4. HP: 34/35 MP: 0/0
  1737 | D:3      | Noticed Terence
  1794 | D:1      | Killed Terence
  2028 | D:3      | Noticed Natasha
  2036 | D:3      | Killed Natasha
  2037 | D:3      | Reached XP level 5. HP: 11/29 MP: 0/0
  2037 | D:3      | Learned a level 2 spell: Searing Ray
  2440 | D:3      | Found a sacrificial altar of Ru.
  2440 | D:3      | Found a snail-covered altar of Cheibriados.
  2442 | D:3      | Noticed Natasha
  2446 | D:3      | Killed Natasha
  2447 | D:3      | Reached skill level 4 in Fighting
  2594 | D:3      | Noticed Natasha
  2604 | D:3      | Reached XP level 6. HP: 22/40 MP: 0/0
  2609 | D:3      | HP: 1/40 [Natasha (3)]
  2610 | D:3      | Killed Natasha
  2964 | D:3      | Noticed Sigmund
  2970 | D:3      | Killed Sigmund
  2971 | D:3      | Reached skill level 5 in Fighting
  2971 | D:3      | Reached XP level 7. HP: 41/54 MP: 0/0
  2971 | D:3      | Learned a level 3 spell: Confusing Touch
  3542 | D:4      | Reached skill level 5 in Spellcasting
  3542 | D:4      | Reached skill level 5 in Conjurations
  3542 | D:4      | Reached skill level 5 in Hexes
  3542 | D:4      | Reached skill level 5 in Summonings
  3542 | D:4      | Reached skill level 5 in Necromancy
  3542 | D:4      | Reached skill level 5 in Translocations
  3542 | D:4      | Reached skill level 5 in Fire Magic
  3542 | D:4      | Reached skill level 5 in Ice Magic
  3542 | D:4      | Reached skill level 5 in Air Magic
  3542 | D:4      | Reached skill level 5 in Earth Magic
  3542 | D:4      | Reached skill level 5 in Alchemy
  3955 | D:4      | Reached skill level 6 in Fighting
  4309 | D:5      | Entered Level 5 of the Dungeon
  4344 | D:5      | Reached XP level 8. HP: 36/61 MP: 0/0
  4460 | D:5      | Found a staircase to the Ecumenical Temple.
  4482 | Temple   | Entered the Ecumenical Temple
  4531 | Temple   | Became a worshipper of Yredelemnul the Dark
  4710 | D:5      | Reached * piety under Yredelemnul
  4865 | D:5      | Reached ** piety under Yredelemnul
  5339 | D:6      | Reached skill level 7 in Fighting
  5396 | D:6      | Found a glowing drain.
  5490 | Sewer    | Entered a sewer
  5736 | Sewer    | Reached XP level 9. HP: 22/62 MP: 0/0
  5736 | Sewer    | Learned a level 3 spell: Dazzling Flash
  5938 | Sewer    | Reached skill level 8 in Fighting
  6273 | Sewer    | Reached *** piety under Yredelemnul
  6802 | D:6      | Found a hazy altar of Hepliaklqana.
  6809 | D:6      | Found a hide-covered altar of Uskayaw.
  7087 | D:7      | HP: 1/71 [wight/+5 dagger (10)]
  7087 | D:7      | Mangled by a wight

Illustrated notes

Levels and vault maps discovered:
D:1:      dpeg_arrival_signposts, layout_basic, basic_ecumenical_altar
D:2:      layout_rooms
D:3:      layout_loops_corners, mainiacjoe_overflow_large_starburst,
          uniq_natasha, uniq_sigmund, uniq_terence
D:4:      layout_cave_pools, vehumet_statue, minmay_misc_feat_chi
D:5:      layout_cave_pods, minmay_temple_entry_glass, corexii_shack,
          nicolae_sextant, st_stairs_7
D:6:      layout_rooms, amethyst_overflow_temple_binary,
          gup_sewer_entry_bubbles, kennysheep_path_1
D:7:      layout_rooms, nicolae_qazlal_style_of_elements, minmay_starry_boxes
Temple:   nicolae_temple_bog_church

Skill      XL: |  1  2  3  4  5  6  7  8  9 |
---------------+----------------------------+-----
Spellcasting   | 3 4 5 6 7 |  7.1
Conjurations   | 3 4 5 6 7 |  7.1
Hexes          | 3 4 5 6 7 |  7.1
Summonings     | 3 4 5 6 7 |  7.1
Necromancy     | 3 4 5 6 7 |  7.1
Translocations | 3 4 5 6 7 |  7.1
Fire Magic     | 3 4 5 6 7 |  7.1
Ice Magic      | 3 4 5 6 7 |  7.1
Air Magic      | 3 4 5 6 7 |  7.1
Earth Magic    | 3 4 5 6 7 |  7.1
Alchemy        | 3 4 5 6 7 |  7.1
Fighting       | 3 4 5 6 7 8 |  8.9
Short Blades   | |  2.6
Dodging        | |  2.1

Action                     |  1- 3 |  4- 6 |  7- 9 || total
---------------------------+-------+-------+-------++-------
  Melee: Short sword       |    99 |    14 |       ||   113
         Punch             |     1 |       |       ||     1
         Halberd           |       |       |   322 ||   322
   Cast: Magic Dart        |    37 |    80 |       ||   117
         Kiss of Death     |       |     4 |     4 ||     8
         Hailstorm         |       |    12 |     4 ||    16
         Dazzling Flash    |       |       |     5 ||     5
         Searing Ray       |       |       |     1 ||     1
  Evoke: Wand              |       |     5 |     3 ||     8
    Use: Scroll            |       |     1 |     9 ||    10
         Potion            |       |       |     3 ||     3
   Stab: Sleeping          |       |       |     2 ||     2
 Armour: Leather armour    |    56 |    35 |       ||    91
         Robe              |       |       |   228 ||   228
  Dodge: Dodged            |    62 |    32 |   240 ||   334

Table legend: (Time is in decaauts)
 A = Elapsed time spent in this place.
 B = Non-inter-level travel time spent in this place.
 C = Inter-level travel time spent in this place.
 D = Time resting spent in this place.
 E = Time spent auto-exploring this place.
 F = Levels seen in this place.
 G = Mean time per level.
                   A        B        C        D        E       F      G
               +--------+--------+--------+--------+--------+-----+--------+
         Total |   7246 |   6976 |    270 |    434 |   5036 |   9 |  805.1 |
       Dungeon |   6310 |   6075 |    235 |    434 |   4391 |   7 |  901.4 |
        Temple |     67 |     32 |     35 |      0 |     31 |   1 |   67.0 |
         Sewer |    868 |    868 |      0 |      0 |    614 |   1 |  868.0 |
               +--------+--------+--------+--------+--------+-----+--------+

Top non-repeatable levels by time:
     D:3: 1502 daAuts
     D:1: 1107 daAuts
     D:6: 976 daAuts
     D:5: 938 daAuts
     D:2: 906 daAuts
   Sewer: 868 daAuts
     D:4: 830 daAuts
  Temple: 67 daAuts
     D:7: 48 daAuts
